 Dungeon Crawl Stone Soup version 0.31.0-12-g77e489cdc1 (webtiles) character file.

Game seed: 9771964879461508861

5652 Doomgape the Fighter (level 10, 0/68 HPs)
             Began as a Gargoyle Fighter on Feb 15, 2024.
             Was a Follower of Okawaru.
             Slain by Harold
             ... wielding a +2 broad axe of flaming
              (13 damage)
             ... on level 9 of the Dungeon.
             The game lasted 00:16:44 (8023 turns).

Doomgape the Fighter (Gargoyle Fighter)             Turns: 8023, Time: 00:16:45

Health: 0/68       AC: 21    Str: 30 (31) XL:     10   Next: 74%
Magic:  11/11      EV:  7    Int:  5 (8)  God:    Okawaru [*.....]
Gold:   467        SH: 14    Dex: 15 (17) Spells: 9/9 levels left

rFire   . . .        o - +11 spear of the Candelabrum {holy, Dex+2}
rCold   . . .        w - +0 kite shield
rNeg    + . .        j - +0 plate armour
rPois   ∞            (no helmet)
rElec   +            (no cloak)
rCorr   .            (no gloves)
SInv    .            (no boots)
Will    .....        h - amulet of reflection Stlth
                     g - +6 ring of dexterity
HPRegen 0.31/turn    u - +6 ring of strength
MPRegen 0.12/turn

%: reflection
@: brilliant
A: sickness immunity, AC +7, negative energy resistance 1, electricity
resistance, torment resistance 1, petrification resistance, low MP 1
a: Renounce Religion, Heroism


You were on level 9 of the Dungeon.
You worshipped Okawaru.
Okawaru was aware of your devotion.
You visited 2 branches of the dungeon, and saw 10 of its levels.

You collected 495 gold pieces.
You spent 28 gold pieces at shops.

Inventory:

Hand Weapons
 a - a +1 spear of flaming
 o - the +11 spear of the Candelabrum (weapon) {holy, Dex+2}
   (You found it on level 3 of the Dungeon)

   Dex+2:     It affects your dexterity (+2).
Missiles
 t - 6 javelins (quivered)
Armour
 j - a +0 plate armour (worn)
 w - a +0 kite shield (worn)
Jewellery
 g - a +6 ring of dexterity (left hand)
 h - an amulet of reflection (around neck)
 u - a +6 ring of strength (right hand)
 y - the ring "Naphodo" {rElec rPois rC+}
   (You found it on level 4 of the Dungeon)

   [ring of protection from cold]

   rC+:       It protects you from cold.
   rElec:     It insulates you from electricity.
   rPois:     It protects you from poison
 B - a ring of protection from cold
Wands
 r - a wand of flame (30)
 s - a wand of polymorph (6)
 v - a wand of mindburst (9)
 x - a wand of paralysis (15)
Scrolls
 b - 3 scrolls of fog
 c - a scroll of silence {unknown}
 f - 5 scrolls of identify
 n - 3 scrolls of teleportation
 C - a scroll of torment {unknown}
 D - a scroll of amnesia {unknown}
Potions
 d - 2 potions of might
 e - 4 potions of enlightenment
 i - a potion of magic {unknown}
 k - a potion of curing
 l - a potion of haste {unknown}
 m - 5 potions of degeneration
 p - 2 potions of brilliance
 q - 2 potions of mutation
 z - a potion of lignification {unknown}
 A - a potion of cancellation
 E - a potion of heal wounds {unknown}


   Skills:
 - Level 10.0 Fighting
 - Level 3.0 Maces & Flails
 + Level 7.9 Polearms
 - Level 9.8 Armour
 + Level 4.9 Shields
 + Level 3.1 Invocations
 - Level 0.7 Evocations


You had 9 spell levels left.
You didn't know any spells.
Your spell library contained the following spells:

 Spells                   Type           Power      Damage    Failure   Level
 Static Discharge         Conj/Air       0%         3-3/arc   100%        2
 Dazzling Flash           Conj/Hex       0%         N/A       100%        3
 Mephitic Cloud           Conj/Alch/Air  0%         N/A       100%        3
 Airstrike                Air            0%         2d(0-16)  100%        4
 Curse of Agony           Necr           0%         N/A       100%        5
 Silence                  Hex/Air        0%         N/A       100%        5
 Summon Lightning Spire   Summ/Air       Unusable   N/A       N/A         4

Dungeon Overview and Level Annotations

Branches:
Dungeon (9/15)             Temple (1/1) D:7
   Lair: D:8-11         Orc: D:9-12

Altars:
Ashenzari
Elyvilon
Fedhas
Gozag
Hepliaklqana
Kikubaaqudgha
Nemelex Xobeh
Okawaru
Qazlal
Ru
Trog
Uskayaw
Vehumet
Wu Jian
Xom
Zin
The Shining One
Ignis

Shops:
D:1 ((   D:7 *

Annotations:
D:9 Harold


Innate Abilities, Weirdness & Mutations

You are immune to sickness and miasma.
Your stone body is resilient. (AC +7)
You are immune to poison.
You resist negative energy. (rN+)
You are resistant to electric shocks. (rElec)
You are resistant to unholy torment.
You are immune to petrification.
Your magical capacity is low. (-10% MP)


Message History

You shred the net and break free! Harold barely misses you.
Harold throws a throwing net.
The throwing net hits you.
You become entangled in the net!
You see here a throwing net.
You struggle against the net.
Harold fires a harpoon shot at you. The harpoon shot hits you.
* * * LOW HITPOINT WARNING * * *
You are yanked forward by the harpoon shot.
You see here a throwing net.
Harold attacks as he pursues you!
Harold hits you with a +2 broad axe of flaming!
* * * LOW HITPOINT WARNING * * *
Harold burns you.
* * * LOW HITPOINT WARNING * * *
Okay, then.
It was a potion of degeneration.
There was something very wrong with that liquid.
You feel weakened.
You feel dopey.
You feel clumsy.
Harold points at you and mumbles some strange words.
A sentinel's mark forms upon you.
It was a potion of mutation.
You feel extremely strange.
You feel less energetic. Harold hits you but does no damage.
Unknown command.
It was a potion of cancellation.
Your magical effects are unravelling.
You feel magically purged.
The sentinel's mark upon you fades away.
Harold hits you with a +2 broad axe of flaming.
* * * LOW HITPOINT WARNING * * *
Harold burns you.
* * * LOW HITPOINT WARNING * * *
It was a potion of brilliance.
You feel clever all of a sudden. Harold barely misses you.
It was a potion of curing.
You feel better.
Harold hits you with a +2 broad axe of flaming!
You die...
Harold says, "Can't wait to tell my little ones about this."

#.# #...# #..# #.#
#...##.##..# #..# #.#
#...##.##..# #..# #.#
#...##.##..# #..# #.#
#...##.##..# #..# #.#
#...##.##..# #..#
#.###...##.##..# #..#
#.......##.....###..###..
#..............@@.........
##########################


You could see Harold.

Vanquished Creatures
  A two-headed ogre (D:6)
  Pikel (D:4)
  A hornet (D:4)
  Sigmund (D:5)
  Eustachio (D:6)
  A steam dragon (D:5)
  The ghost of topfpfpflanze the Ducker, an amateur FeFi (D:4)
  Edmund (D:6)
  2 water moccasins
  6 black bears
  2 ice beasts
  2 orc warriors (D:9)
  A sky beast (D:7)
  An ogre (D:6)
  3 centaurs
  The ghost of DildoBatman the Conjurer, an amateur FoCj (D:3)
  2 lemures (D:4)
  A phantom (D:4)
  A kobold brigand (D:8)
  5 bullfrogs
  3 scorpions
  5 wights (D:9)
  3 howler monkeys
  A lava snake (D:7)
  2 bombardier beetles (D:5)
  5 hounds
  9 orc priests
  4 jellies
  2 iguanas (D:4)
  10 orc wizards
  5 gnolls
  6 adders
  A white imp (D:8)
  3 ribbon worms
  2 dart slugs
  38 orcs
  5 ball pythons
  4 bats
  An endoplasm (D:1)
  2 giant cockroaches
  2 goblins
  6 hobgoblins
  4 quokkas
  2 frilled lizards
  8 kobolds
  5 rats
173 creatures vanquished.

Notes
Turn   | Place    | Note
-------+----------+-------------------------------------------
     0 | D:1      | Doomgape the Gargoyle Fighter began the quest for the Orb.
     0 | D:1      | Reached XP level 1. HP: 14/14 MP: 1/1
   222 | D:1      | Reached XP level 2. HP: 19/19 MP: 2/2
   344 | D:1      | Found Waplafof's Antique Weapon Shoppe.
   381 | D:1      | Found Ettapn's Antique Weapon Shop.
   388 | D:1      | Reached XP level 3. HP: 24/24 MP: 3/3
   576 | D:1      | Found a faded altar of an unknown god.
   758 | D:2      | Found a glowing golden altar of the Shining One.
  1239 | D:2      | Reached skill level 4 in Fighting
  1378 | D:3      | Reached XP level 4. HP: 28/29 MP: 4/4
  1577 | D:3      | Noticed DildoBatman's ghost (amateur FoCj)
  1585 | D:3      | Identified the +11 spear of the Candelabrum {holy, Dex+2}
  1594 | D:3      | Found a runed translucent door.
  1858 | D:3      | You fall into a shaft and drop 3 floors!
  1860 | D:6      | Noticed a bullfrog
  1866 | D:6      | Killed a bullfrog
  1867 | D:6      | Reached skill level 1 in Polearms
  1867 | D:6      | Reached XP level 5. HP: 34/34 MP: 5/5
  1970 | D:6      | Noticed Eustachio
  1979 | D:6      | Killed Eustachio
  1980 | D:6      | Reached skill level 5 in Fighting
  1980 | D:6      | Reached skill level 5 in Armour
  1980 | D:6      | Reached XP level 6. HP: 39/40 MP: 6/6
  2035 | D:6      | Noticed Edmund
  2044 | D:6      | Killed Edmund
  2045 | D:6      | Reached XP level 7. HP: 35/45 MP: 7/7
  2108 | D:6      | Reached skill level 6 in Fighting
  2280 | D:5      | Entered Level 5 of the Dungeon
  2322 | D:5      | Noticed a steam dragon
  2334 | D:5      | Killed a steam dragon
  2491 | D:5      | Noticed Sigmund
  2500 | D:5      | Killed Sigmund
  2501 | D:5      | Reached XP level 8. HP: 52/52 MP: 8/8
  2578 | D:5      | Reached skill level 7 in Fighting
  3580 | D:4      | Found a stormy altar of Qazlal.
  3672 | D:4      | Found a glowing golden altar of the Shining One.
  3722 | D:4      | Found a runed translucent gate.
  3722 | D:4      | Noticed topfpfpflanze's ghost (amateur FeFi)
  3723 | D:4      | Found a runed translucent gate.
  3723 | D:4      | Found a runed translucent gate.
  3723 | D:4      | Identified the +7 whip "Cinuamump" {distort, rN+ SInv}
  3823 | D:4      | Reached skill level 5 in Polearms
  3887 | D:4      | Noticed a hornet
  3903 | D:4      | Reached XP level 9. HP: 51/59 MP: 9/9
  3943 | D:4      | Reached skill level 8 in Fighting
  4014 | D:4      | Killed a hornet
  4025 | D:4      | Identified the ring "Naphodo" {rElec rPois rC+}
  4211 | D:4      | Noticed Pikel
  4230 | D:4      | Killed Pikel
  4550 | D:4      | Reached skill level 9 in Fighting
  4558 | D:4      | Killed topfpfpflanze's ghost
  5240 | D:3      | Killed DildoBatman's ghost
  5519 | D:6      | Reached XP level 10. HP: 65/66 MP: 10/10
  5567 | D:6      | Noticed a two-headed ogre
  5577 | D:6      | Killed a two-headed ogre
  6153 | D:7      | Reached skill level 10 in Fighting
  6173 | D:7      | Found a staircase to the Ecumenical Temple.
  6197 | Temple   | Entered the Ecumenical Temple
  6241 | Temple   | Became a worshipper of Warmaster Okawaru
  6406 | D:7      | Found an ornate altar of the Wu Jian Council.
  6489 | D:7      | Found Yju Osaf's General Store.
  6497 | D:7      | Bought a scroll of identify for 28 gold pieces
  6658 | D:7      | Reached skill level 1 in Invocations
  7412 | D:8      | Found a broken altar of Ashenzari.
  7676 | D:9      | Reached * piety under Okawaru
  7721 | D:9      | Found a sacrificial altar of Ru.
  8002 | D:9      | Noticed Harold
  8020 | D:9      | Gained mutation: Your magical capacity is low. (-10% MP)
                  | [potion of mutation]
  8023 | D:9      | Slain by Harold

Illustrated notes

Levels and vault maps discovered:
D:1:      wander_arrival_lonely_grave, layout_loops_ring,
          shapermc_ecumenical_altar_mp_vishouse, serial_shops,
          nicolae_square_shop, nicolae_shop_dealshenge
D:2:      layout_loops_ring, basic_altar, eino_tiny_chamber
D:3:      layout_basic, hellmonk_ghost_happy_afterlife
D:4:      minmay_clustersquares, layout_loops_ring,
          mainiacjoe_overflow_brackets, tso_metal_star,
          biasface_ghost_orc_armoury, uniq_pikel
D:5:      layout_basic, uniq_sigmund
D:6:      layout_basic, uniq_eustachio, uniq_edmund
D:7:      layout_basic, nzn_wu_jian_council_hall, minmay_temple_entry_glass,
          serial_shops, nicolae_shop_advertising_works
          [nicolae_subvault_shop_adworks], st_stairs_8, kennysheep_potato
D:8:      layout_basic, mainiacjoe_overflow_24_doors
D:9:      layout_long_grid, mainiacjoe_overflow_cross_hatched,
          chequers_temple_overflow_minitemple, hellmonk_ghost_big_iron,
          kennysheep_generic_room_13, uniq_harold
Temple:   ebering_untended_altars

Skill      XL: |  1  2  3  4  5  6  7  8  9 10 |
---------------+-------------------------------+-----
Fighting       | 4 5 6 7 9 10 | 10.0
Armour         | 4 5 6 7 9 |  9.8
Maces & Flails | 3 |  3.0
Polearms       | 1 2 4 5 6 7 |  7.9
Invocations    | 3 |  3.1
Shields        | 4 |  4.9
Evocations     | |  0.7

Action                     |  1- 3 |  4- 6 |  7- 9 | 10-12 || total
---------------------------+-------+-------+-------+-------++-------
  Melee: Flail             |    87 |    13 |       |       ||   100
         Spear             |       |    42 |   239 |   147 ||   428
    Use: Scroll            |       |       |     8 |       ||     8
         Potion            |       |       |       |     5 ||     5
 Armour: Chain mail        |    54 |    22 |   100 |     9 ||   185
         Plate armour      |       |       |       |    46 ||    46
  Dodge: Dodged            |    20 |    14 |    40 |    24 ||    98
  Block: Buckler           |    36 |    27 |    78 |    23 ||   164
         Reflection        |       |       |     2 |     7 ||     9
         Kite shield       |       |       |       |    56 ||    56
